 Dungeon Crawl Stone Soup version 0.27.1-3-gb3d3a73c9e (webtiles) character file.

Game seed: 14409099477978762924

352 H0rd4k the Charlatan (level 6, 0/46 HPs)
             Began as a Human Artificer on Oct 15, 2021.
             Killed from afar by an orc wizard (7 damage)
             ... with a puff of flame
             ... on level 6 of the Dungeon on Oct 18, 2021.
             The game lasted 00:05:53 (4702 turns).

H0rd4k the Charlatan (Human Artificer)              Turns: 4702, Time: 00:05:53

Health: 0/46       AC:  4    Str: 10 (13) XL:     6   Next: 94%
Magic:  6/6        EV: 12    Int: 11 (13) God:
Gold:   182        SH:  0    Dex: 12 (13) Spells: 5/5 levels left

rFire    . . .     SeeInvis .   c - +0 rapier
rCold    . . .     Faith    .   (no shield)
rNeg     . . .     Spirit   .   b - +0 leather armour
rPois    .         Reflect  .   (no helmet)
rElec    .         Harm     .   (no cloak)
rCorr    .         Rampage  .   a - +0 pair of gloves
Will     .....                  (no boots)
Stlth    +.........             (no amulet)
HPRegen  0.15/turn              (no ring)
MPRegen  0.10/turn              (no ring)

@: no status effects
A: no striking features
a: no special abilities


You were on level 6 of the Dungeon.
You visited 1 branch of the dungeon, and saw 6 of its levels.

You collected 182 gold pieces.

Inventory:

Hand Weapons
 c - a +0 rapier (weapon)
 j - a +0 short sword
Missiles
 g - a throwing net
Armour
 a - a +0 pair of gloves (worn)
 b - a +0 leather armour (worn)
Magical Staves
 o - a staff of cold
Scrolls
 f - 2 scrolls of teleportation {unknown}
 l - 4 scrolls of identify {unknown}
 m - a scroll of fear {unknown}
 n - a scroll of silence {unknown}
 p - a scroll of vulnerability {unknown}
Potions
 h - a potion of mutation {unknown}
 i - 4 potions of degeneration
Miscellaneous
 e - a piece from Xom's chessboard (14/15)


   Skills:
 + Level 2.6 Fighting
 + Level 3.9 Short Blades
 - Level 2.0 Armour
 + Level 2.4 Dodging
 - Level 1.0 Stealth
 + Level 4.5 Evocations


You had 5 spell levels left.
You didn't know any spells.
Your spell library contained the following spells:

 Spells                   Type           Power      Damage    Failure   Level
 Foxfire                  Conj/Fire      0%         2x1d4     43%         1
 Conjure Flame            Conj/Fire      0%         6-21      80%         3
 Gell's Gravitas          Tloc           0%         N/A       80%         3
 Inner Flame              Hex/Fire       0%         N/A       80%         3
 Teleport Other           Tloc           0%         N/A       80%         3
 Dispersal                Tloc           0%         N/A       100%        6


Dungeon Overview and Level Annotations

Branches:
Dungeon (6/15)
 Temple: D:4-7

Altars:
Trog
Yredelemnul

Shops:
D:2 !(([(   D:3 [

Annotations:
D:3 exclusion: phantom
D:4 3 runed translucent doors, Linguinho's ghost, amateur GrFi; Pikel
D:5 Grinder; Prince Ribbit
D:6 exclusion: upstairs


Message History

You hit the adder.
The adder is almost dead.
* * * LOW HITPOINT WARNING * * *
You feel very sick. The adder closely misses you.
You miss the adder.
The adder is almost dead.
* * * LOW HITPOINT WARNING * * *
You feel sick. The adder closely misses you.
You hit the adder.
You kill the adder!
* * * LOW HITPOINT WARNING * * *
You feel sick.
It was a potion of degeneration.
There was something very wrong with that liquid.
You feel weakened.
You feel dopey.
You feel clumsy.
* * * LOW HITPOINT WARNING * * *
You feel sick.
It was a potion of heal wounds.
You feel much better.
You feel sick.
You feel sick.
You feel sick.
You feel sick.
You feel sick.
You are no longer poisoned.
You hear the slow hiss of a very distant avalanche of sand.
An orc and a skeleton come into view.
The orc shouts!
You hear a shout! x2
You hear a shout!
An orc, an orc priest and an orc wizard come into view.
The orc priest shouts!
The orc wizard shouts!
The wyvern skeleton closely misses you. The wyvern skeleton bites you!
* * * LOW HITPOINT WARNING * * *
An orc wizard comes into view. It is wielding a +0 dagger.
You hit the wyvern skeleton.
The wyvern skeleton is lightly damaged.
The wyvern skeleton barely misses you. The wyvern skeleton closely misses you.
The orc wizard points at you and mumbles some strange words.
The puff of flame hits you!
You die...

### ### #.. ..# #.# #.#
..### #.# #.# ......#.#
#.#
.##...@###########.####
.......Z................
..##....#.###.#####.##..
##.#o#.# #.# #.##..
#.#.#o# #.# #.##..
#o#o#.# #.# #.##.. #
.o... ..# #.##.. .....
... ..##.† .....
..########..


You could see an orc priest, 2 orc wizards, an orc and a wyvern skeleton.

Vanquished Creatures
  Menkaure (D:5)
  A necrophage (D:5)
  A centaur zombie (D:4)
  A jelly (D:4)
  An orc wizard (D:3)
  A scorpion zombie (D:4)
  2 adders
  2 adder zombies
  A worm (D:3)
  A dart slug (D:4)
  8 orcs
  2 ball pythons
  4 endoplasms
  A giant cockroach (D:1)
  A goblin (D:1)
  4 hobgoblins
  2 jackals (D:5)
  3 bats
  3 kobolds
  A quokka zombie (D:4)
  3 rats
44 creatures vanquished.

Vanquished Creatures (collateral kills)
  A necrophage (D:5)
  An adder skeleton (D:5)
  2 orcs (D:5)
4 creatures vanquished.

Vanquished Creatures (others)
  A necrophage (D:5)
  A lemure (D:4)
2 creatures vanquished.

Grand Total: 50 creatures vanquished

Notes
Turn   | Place    | Note
-------+----------+-------------------------------------------
     0 | D:1      | H0rd4k the Human Artificer began the quest for the Orb.
     0 | D:1      | Reached XP level 1. HP: 15/15 MP: 1/1
   596 | D:1      | Reached XP level 2. HP: 21/21 MP: 2/2
   955 | D:2      | Found Gokhog's Antique Armour Shop.
   987 | D:2      | Found Xemnoxzibb's Antique Weapon Shoppe.
  1108 | D:2      | Found Winalor's Weapon Shop.
  1178 | D:2      | Found a faded altar of an unknown god.
  1371 | D:2      | Found Bumpo's Distillery.
  1443 | D:2      | Found Linod's Antique Weapon Emporium.
  1950 | D:3      | Found Ymnieluph's Armour Emporium.
  1980 | D:3      | Reached XP level 3. HP: 26/26 MP: 3/3
  2590 | D:3      | Reached skill level 1 in Short Blades
  2590 | D:3      | Reached skill level 4 in Evocations
  2590 | D:3      | Reached XP level 4. HP: 32/32 MP: 4/4
  2894 | D:4      | Reached XP level 5. HP: 15/38 MP: 5/5
  3144 | D:4      | Found a basalt altar of Yredelemnul.
  3409 | D:4      | Noticed a phantom
  3718 | D:4      | Found a runed translucent gate.
  3719 | D:4      | Found a runed translucent gate.
  3719 | D:4      | Found a runed translucent gate.
  3745 | D:4      | Noticed Linguinho's ghost (amateur GrFi)
  3746 | D:4      | Noticed an ice beast
  3875 | D:4      | Noticed a lemure
  3875 | D:4      | Noticed a lemure
  3876 | D:4      | Noticed Pikel
  3877 | D:4      | Noticed a lemure
  3878 | D:4      | Noticed a lemure
  3907 | D:5      | Entered Level 5 of the Dungeon
  3948 | D:5      | Noticed a necrophage
  3949 | D:5      | Noticed a necrophage
  3963 | D:5      | Killed a necrophage
  3964 | D:5      | Reached XP level 6. HP: 45/45 MP: 6/6
  3985 | D:5      | Found a bloodstained altar of Trog.
  4132 | D:5      | Noticed Menkaure
  4140 | D:5      | Killed Menkaure
  4366 | D:5      | Noticed a necrophage
  4485 | D:5      | Noticed Grinder
  4494 | D:5      | Noticed Prince Ribbit
  4702 | D:6      | Killed from afar by an orc wizard

Illustrated notes

Levels and vault maps discovered:
D:1:      minmay_arrival_four_houses, layout_loops_corners
D:2:      layout_loops_ring, serial_shops, nicolae_square_shop,
          nicolae_shop_behind_doors, shop_fountains, shop_statue, shop,
          ebering_ecumenical_altar_rust
D:3:      layout_basic, serial_shops, shop, minmay_misc_feat_more_columns
D:4:      minmay_recursive_quarters, layout_basic,
          nicolae_yredelemnul_corpse_copse, gammafunk_ghost_icy,
          hex_intersection, uniq_pikel
D:5:      layout_basic, trog_three_pillars_becter, uniq_prince_ribbit1,
          uniq_menkaure, uniq_grinder
D:6:      layout_loops_ring, chequers_ossuary_entry_cave

Skill      XL: |  1  2  3  4  5 |
---------------+----------------+-----
Short Blades   | 1 2 3 |  3.9
Evocations     | 4 |  4.5
Fighting       | 2 |  2.6
Dodging        | 2 |  2.4
Armour         | |  2.0
Stealth        | |  1.0

Action                   |  1- 3 |  4- 6 || total
-------------------------+-------+-------++-------
Melee: Club              |    24 |       ||    24
       Short sword       |    61 |   122 ||   183
       Rapier            |       |    13 ||    13
Evoke: Wand              |     7 |    23 ||    30
       Piece from Xom's  |       |     2 ||     2
  Use: Potion            |       |     2 ||     2
 Stab: Sleeping          |     2 |       ||     2
Armor: Leather armour    |    35 |    47 ||    82
Dodge: Dodged            |    53 |    82 ||   135
